 Dungeon Crawl Stone Soup version 0.29.1-15-g9cfb28693d (webtiles) character file.

Game seed: 13035049589697483311

761 hawla the Firebug (level 8, -3/87 HPs)
             Began as a Meteoran Fire Elementalist on Apr 22, 2023.
             Slain by an orc wizard
             ... wielding a +1 dagger of pain
              (4 damage)
             ... on level 5 of the Dungeon.
             The game lasted 00:08:04 (1294 turns).

hawla the Firebug (Meteoran Fire Elementalist)      Turns: 1294, Time: 00:08:05

Health: -3/87      AC:  1    Str: 13    XL:     8   Next: 29%
Magic:  10/16      EV: 13    Int: 17    God:
Gold:   162        SH:  0    Dex: 15    Spells: 10/17 levels left

rFire   . . .      SeeInvis .   f - +0 quarterstaff
rCold   + . .      Faith    .   (shield currently unavailable)
rNeg    . . .      Spirit   .   a - +0 robe
rPois   .          Reflect  .   (no helmet)
rElec   .          Harm     .   (no cloak)
rCorr   +          Rampage  .   (no gloves)
Will    +....                   (no boots)
Stlth   ..........              (no amulet)
HPRegen 0.24/turn               b - ring of resist corrosion
MPRegen 0.15/turn               p - ring of protection from cold

@: confused, berserking, lethally poisoned (-3 -> -16), glowing, very quick
A: sense surroundings 1, otherworldly, glowing, explore regen, deformed body,
strong 1
a: no special abilities


You were on level 5 of the Dungeon.
You visited 1 branch of the dungeon, and saw 5 of its levels.

You collected 162 gold pieces.

Inventory:

Hand Weapons
 f - a +0 quarterstaff (weapon)
Armour
 a - a +0 robe (worn)
Magical Staves
 i - a staff of air
 m - a staff of conjuration
Jewellery
 b - a ring of resist corrosion (left hand)
 n - a ring of ice
 p - a ring of protection from cold (right hand)
 r - a ring of protection from cold
 u - a ring of flight
Wands
 e - a wand of paralysis (5) (quivered)
Scrolls
 c - 2 scrolls of butterflies
 d - 2 scrolls of fear
 g - a scroll of identify
 h - 4 scrolls of teleportation
 j - a scroll of blinking
 o - a scroll of amnesia
Potions
 k - a potion of heal wounds
 l - a potion of flight
 t - a potion of haste


   Skills:
 + Level 0.5 Fighting
 + Level 0.9 Staves
 + Level 3.3 Dodging
 - Level 1.4 Stealth
 + Level 5.1 Spellcasting
 + Level 5.2 Conjurations
 + Level 6.0 Fire Magic
 + Level 3.0 Air Magic
 + Level 3.0 Evocations


You had 10 spell levels left.
You knew the following spells:

 Your Spells              Type           Power      Damage    Failure   Level
a - Foxfire               Conj/Fire      92%        2x1d8     1%          1
b - Scorch                Fire           50%        2d8       1%          2
c - Flame Wave            Conj/Fire      23%        2d8       14%         4

Your spell library contained the following spells:

 Spells                   Type           Power      Damage    Failure   Level
 Conjure Flame            Conj/Fire      23%        6-21      4%          3
 Inner Flame              Hex/Fire       14%        N/A       12%         3


Dungeon Overview and Level Annotations

Branches:
Dungeon (5/15) Zot: 1703
 Temple: D:4-7

Altars:


Innate Abilities, Weirdness & Mutations

You passively map a small area around you.
You are easily found by Zot.
You glow in the dark.
You regain HP and MP as you explore.
Armour fits poorly on your strangely shaped body.
Your muscles are strong. (Str +4, Int/Dex -1)


Message History

The flame wave engulfs the hound!
You kill the hound! (Press . to intensify the flame waves.)
A hound comes into view.
The centaur wields a +0 shortbow.
The centaur shoots an arrow.
The arrow hits you!
The orc wizard gestures at you while chanting.
You are confused.
The scorpion stings you.
You are poisoned.
The scorpion poisons you!
The hound moves out of view.
Your Fire Magic skill increases to level 6!
You feel very sick.
The centaur zaps a wand.
Some rock shatters into small pieces.
The scorpion stings you. The orc barely misses you.
You are too confused!
It was a potion of berserk rage.
A red film seems to cover your vision as you go berserk!
You feel yourself moving faster!
You feel mighty!
You feel sick. The scorpion barely misses you. The orc barely misses you.
The orc wizard points at you and mumbles some strange words.
The puff of flame hits you! The orc hits you with a +0 dagger.
You sock the scorpion!
The scorpion is severely wounded.
You feel sick. The scorpion stings you.
* * * LOW HITPOINT WARNING * * *
The orc barely misses you. The orc hits you with a +0 dagger.
* * * LOW HITPOINT WARNING * * *
The orc wizard misses you.
You hit the scorpion.
The scorpion is almost dead.
You feel sick. The scorpion stings you!
* * * LOW HITPOINT WARNING * * *
You are lethally poisoned!
The scorpion poisons you! The orc hits you with a +0 whip.
* * * LOW HITPOINT WARNING * * *
The orc hits you with a +0 dagger.
* * * LOW HITPOINT WARNING * * *
The orc wizard hits you with a +1 dagger of pain.
You die...

, ,*########## , ,
.........#
,,#########.### ,,, ..
#####.#.# ,, . ##.
#...[...# ...
#..###.###.#.#######
.....#w#.....#..........
,#.s@####.###.######.
.....#ooo...<.##......#.
, ...
#h#.#c#.#.#####.###. .
..).............>....
*............##..#.####
#..#######....#......# *
, ,..# #.......##..#.##
, .# #...........#.# *,,
, #...........#.#


You could see a centaur, a scorpion, a hound, an orc wizard, a dart slug and 2
orcs.

Vanquished Creatures
  Grinder (D:4)
  Sigmund (D:4)
  A black bear (D:3)
  A phantom (D:5)
  A howler monkey (D:5)
  2 hounds
  An orc priest (D:3)
  A jelly (D:4)
  2 adders
  A shadow imp (D:4)
  An ufetubus (D:4)
  3 dart slugs (D:2)
  4 orcs
  An endoplasm (D:2)
  3 giant cockroaches
  2 goblins
  4 jackals
  3 kobolds
  2 quokkas (D:2)
  3 ball pythons (D:2)
  4 bats
  A rat (D:3)
43 creatures vanquished.

Vanquished Creatures (others)
  A quokka (D:3)
  102 foxfires
103 creatures vanquished.

Grand Total: 146 creatures vanquished

Notes
Turn   | Place    | Note
-------+----------+-------------------------------------------
     0 | D:1      | hawla the Meteoran Fire Elementalist began the quest for
                  | the Orb.
     0 | D:1      | Reached XP level 1. HP: 14/14 MP: 5/5
    49 | D:2      | Reached XP level 2. HP: 14/20 MP: 2/6
    51 | D:2      | Reached skill level 4 in Fire Magic
    64 | D:2      | Learned a level 2 spell: Scorch
    85 | D:2      | Reached skill level 1 in Evocations
    85 | D:2      | Reached XP level 3. HP: 22/26 MP: 1/8
   430 | D:3      | Noticed a black bear
   439 | D:3      | Killed a black bear
   440 | D:3      | Reached XP level 4. HP: 33/33 MP: 6/9
   440 | D:3      | Reached XP level 5. HP: 38/38 MP: 6/10
   445 | D:3      | Learned a level 4 spell: Flame Wave
   490 | D:3      | Reached XP level 6. HP: 45/45 MP: 4/11
   517 | D:4      | Noticed Sigmund
   521 | D:4      | Killed Sigmund
   522 | D:4      | Reached XP level 7. HP: 50/50 MP: 1/13
   642 | D:4      | Noticed Grinder
   643 | D:4      | Paralysed by Grinder for 5 turns
   657 | D:4      | Killed Grinder
   658 | D:4      | Reached skill level 5 in Fire Magic
   853 | D:4      | Reached XP level 8. HP: 58/58 MP: 10/16
  1195 | D:5      | Entered Level 5 of the Dungeon
  1204 | D:5      | Gained mutation: Armour fits poorly on your strangely
                  | shaped body. [potion of mutation]
  1204 | D:5      | Gained mutation: Your muscles are strong. (Str +4, Int/Dex
                  | -1) [potion of mutation]
  1210 | D:5      | Reached skill level 5 in Conjurations
  1227 | D:5      | Reached skill level 5 in Spellcasting
  1291 | D:5      | Reached skill level 6 in Fire Magic
  1294 | D:5      | HP: 1/87 [orc/+0 dagger (5)]
  1294 | D:5      | Slain by an orc wizard

Illustrated notes

Levels and vault maps discovered:
D:1:      lemuel_arrival_river_ford, layout_loops_ring,
          shapermc_ecumenical_altar_mp_urbaneastern, minmay_lizard_king
D:2:      layout_rooms, minmay_tromino_i4
D:3:      layout_rooms, fiery_altar_vehumet, portal_sewer_entry_e,
          nrook_loot_triangle
D:4:      layout_gridville, uniq_sigmund, uniq_grinder
D:5:      layout_basic, chequers_temple_overflow_statue_of_worship,
          grunt_tough_drop

Skill      XL: |  1  2  3  4  5  6  7  8 |
---------------+-------------------------+-----
Fire Magic     | 4 5 6 |  6.0
Evocations     | 1 3 |  3.0
Air Magic      | 3 |  3.0
Spellcasting   | 3 4 5 |  5.1
Conjurations   | 2 4 5 |  5.2
Dodging        | 3 |  3.3
Fighting       | |  0.5
Staves         | |  0.9
Stealth        | |  1.4

Action                   |  1- 3 |  4- 6 |  7- 9 || total
-------------------------+-------+-------+-------++-------
Melee: Unarmed           |     5 |       |       ||     5
       Quarterstaff      |    10 |     4 |     4 ||    18
 Cast: Foxfire           |    32 |    11 |    21 ||    64
       Scorch            |     2 |     3 |    14 ||    19
       Flame Wave        |       |     1 |     1 ||     2
  Use: Potion            |     1 |       |     2 ||     3
       Scroll            |       |       |    12 ||    12
Armor: Robe              |     7 |     2 |     1 ||    10
Dodge: Dodged            |    17 |     4 |    11 ||    32
